Map: [ESL] Oceanborn

Players

Clem - Winner!

  • Race: Terran Terran
  • Spawn Location: 5:00

GuMiho

  • Race: Terran Terran
  • Spawn Location: 11:00

Event: ESL Spring 2024 Finals

VOD

Have the link to the VOD?

Description

Time

  • Played on: June 1, 2024, 12:54 p.m.
  • Length: 10:19

All games in this series

Show
View Real Time Build Order
Export as new Build Order

Clem Terran - Winner!

Build Orders:  

Get SALT Encoding   

  12  0:00  SCV  
  13  0:12  SCV  
  14  0:17  Supply Depot  
  14  0:24  SCV  
  15  0:38  SCV  
  15  0:39  Barracks  
  15  0:42  Refinery  
  16  0:50  SCV  
  16  0:52  Refinery  
  17  1:02  SCV  
  18  1:14  SCV  
  19  1:26  Orbital Command, Reaper  
  19  1:29  Supply Depot  
  20  1:39  Factory  
  20  1:52  SCV  
  21  1:58  Reaper  
  22  2:04  SCV  
  23  2:14  Command Center  
  23  2:17  SCV  
  26  2:22  Hellion  
  26  2:30  Starport  
  26  2:33  SCV  
  27  2:39  Barracks Reactor  
  27  2:40  Supply Depot  
  27  2:45  SCV  
  27  2:47  Widow Mine  
  30  2:57  SCV  
  31  3:05  Medivac  
  31  3:09  SCV  
  34  3:14  Cyclone  
  34  3:15  Marine x2, Refinery  
  38  3:21  SCV  
  38  3:26  Orbital Command  
  39  3:33  SCV, Marine x2  
  42  3:38  Starport Tech Lab  
  42  3:42  Supply Depot  
  42  3:45  SCV  
  42  3:47  Factory Tech Lab  
  43  3:50  Marine  
  43  3:51  Marine  
  43  3:52  SCV  
  46  3:57  Raven  
  46  3:59  SCV  
  49  4:05  Interference Matrix  
  49  4:09  SCV  
  50  4:14  Siege Tank, Marine x2  
  54  4:18  SCV  
  54  4:21  SCV  
  52  4:30  SCV  
  51  4:32  Marine x2  
  51  4:33  SCV  
  51  4:36  Supply Depot  
  54  4:40  Raven  
  54  4:42  SCV  
  57  4:45  SCV  
  57  4:49  Marine  
  57  4:52  Supply Depot  
  58  4:54  SCV  
  58  4:56  Siege Tank  
  58  4:58  SCV, Marine  
  64  5:06  SCV  
  65  5:07  Marine  
  65  5:09  Supply Depot  
  65  5:10  SCV  
  66  5:16  Marine  
  66  5:18  SCV  
  64  5:22  SCV  
  64  5:24  Raven  
  68  5:30  SCV  
  68  5:34  Command Center  
  69  5:36  SCV  
  69  5:42  Barracks, Factory Reactor  
  69  5:43  SCV  
  69  5:45  Barracks  
  69  5:47  Stimpack  
  71  5:50  SCV, Marine  
  71  5:55  SCV, Refinery  
  73  6:02  SCV  
  74  6:05  Starport Reactor  
  74  6:07  SCV  
  74  6:08  Marine, Engineering Bay  
  76  6:12  Supply Depot  
  76  6:13  Engineering Bay  
  76  6:15  SCV  
  77  6:19  SCV  
  77  6:26  Marine  
  77  6:27  SCV  
  77  6:31  SCV  
  77  6:32  Marine x2  
  81  6:34  Siege Tank  
  81  6:36  Barracks x2  
  81  6:37  Terran Infantry Weapons Level 1  
  81  6:39  Terran Infantry Armor Level 1  
  85  6:45  Marine  
  85  6:46  Orbital Command  
  86  6:48  Supply Depot  
  86  6:50  Medivac  
  86  6:53  Medivac  
  90  6:55  Marine x2  
  90  6:56  Marine  
  90  6:58  Marine  
  90  6:59  SCV  
  90  7:00  SCV  
  96  7:02  Marine  
  96  7:06  Orbital Command  
  95  7:11  Supply Depot, SCV  
  95  7:12  Siege Tank, Marine  
  95  7:13  SCV  
  101  7:20  Marine  
  101  7:21  Marine  
  103  7:23  SCV  
  103  7:24  Marine  
  103  7:25  SCV  
  103  7:27  Combat Shield  
  103  7:29  Marine  
  107  7:30  Supply Depot  
  107  7:33  SCV  
  107  7:35  SCV  
  107  7:36  Marine x3  
  112  7:39  Supply Depot  
  112  7:40  SCV  
  113  7:44  Siege Tank  
  113  7:48  Supply Depot  
  113  7:50  SCV  
  117  7:52  SCV  
  117  7:53  Barracks Tech Lab  
  117  7:55  Barracks Reactor  
  117  7:58  Marine x2  
  119  7:59  Refinery x2  
  119  8:01  SCV  
  119  8:02  Marine x2  
  119  8:04  Armory  
  121  8:08  Medivac x2  
  121  8:11  Marine  
  123  8:14  Marauder  
  123  8:15  Marine  
  123  8:19  Marine  
  123  8:21  Siege Tank  
  123  8:23  SCV  
  123  8:24  Supply Depot, Marine x2  
  129  8:29  Marauder  
  129  8:31  SCV  
  129  8:32  Supply Depot, SCV  
  129  8:33  Marine x2, Command Center  
  129  8:34  Marine  
  135  8:35  SCV  
  137  8:41  Marauder  
  137  8:43  Supply Depot  
  137  8:44  SCV  
  137  8:46  Concussive Shells  
  140  8:49  Marine x2  
  140  8:51  Marauder  
  140  8:55  Starport  
  144  9:03  Marauder  
  144  9:08  Siege Tank, Viking  
  144  9:09  Viking  
  152  9:11  Marine x2  
  153  9:17  Marine x4  
  153  9:19  Marauder  
  161  9:24  Marauder  
  161  9:28  Marine  
  162  9:35  Starport Reactor  
  162  9:37  Marine  
  162  9:38  Marine x3  
  163  9:39  Marine  
  163  9:40  SCV, Marauder  
  163  9:45  Refinery x2  
  172  9:46  Marauder, Sensor Tower  
  172  9:50  SCV  
  163  9:56  Marine  
  163  9:57  Marine  
Show
View Real Time Build Order
Export as new Build Order

GuMiho Terran 

Build Orders: Cyclone Opening 

Get SALT Encoding   

  12  0:00  SCV  
  13  0:12  SCV  
  14  0:17  Supply Depot  
  14  0:24  SCV  
  15  0:38  SCV  
  15  0:41  Barracks  
  16  0:43  Refinery  
  16  0:50  SCV  
  16  0:52  Refinery  
  17  1:02  SCV  
  18  1:14  SCV  
  19  1:27  Orbital Command  
  19  1:28  Reaper  
  20  1:34  Supply Depot  
  20  1:40  Factory  
  20  1:53  SCV  
  21  2:00  Marine  
  22  2:05  SCV  
  23  2:15  Command Center  
  23  2:18  SCV  
  24  2:23  Cyclone  
  26  2:31  Starport  
  26  2:34  SCV  
  27  2:40  Supply Depot  
  27  2:42  Barracks Reactor  
  27  2:47  SCV  
  28  2:56  Cyclone  
  30  2:59  SCV  
  31  3:09  Medivac  
  31  3:11  SCV  
  34  3:18  Marine x2  
  36  3:23  SCV  
  36  3:26  Orbital Command  
  37  3:28  Cyclone  
  39  3:35  SCV  
  39  3:36  Marine x2  
  39  3:41  Supply Depot  
  42  3:46  Liberator  
  45  3:50  SCV  
  45  3:52  SCV  
  45  3:54  Marine x2  
  49  4:01  Cyclone  
  49  4:02  SCV  
  52  4:07  Supply Depot  
  52  4:12  Marine x2  
  52  4:15  SCV  
  52  4:16  SCV  
  50  4:28  SCV  
  50  4:30  Marine x2  
  53  4:32  SCV  
  53  4:37  Supply Depot  
  54  4:38  Factory Tech Lab  
  54  4:44  SCV x2  
  55  4:50  Marine x2  
  55  4:56  SCV  
  55  4:57  SCV, Siege Tank  
  60  5:00  Viking  
  62  5:08  SCV, Marine x2  
  62  5:09  SCV  
  64  5:20  SCV  
  64  5:21  SCV  
  63  5:27  Command Center  
  63  5:32  SCV  
  63  5:33  SCV  
  65  5:36  Refinery  
  65  5:37  Refinery  
  65  5:41  Barracks Tech Lab  
  65  5:44  SCV  
  65  5:45  SCV  
  65  5:46  Viking x2  
  71  5:51  Supply Depot  
  71  5:56  SCV  
  72  5:57  Siege Tank, SCV  
  76  6:06  Factory  
  76  6:08  SCV  
  76  6:09  SCV  
  78  6:17  Viking  
  80  6:20  Viking  
  80  6:21  SCV x2  
  84  6:33  SCV x2  
  84  6:39  Siege Tank  
  89  6:40  Orbital Command  
  89  6:41  Supply Depot  
  89  6:42  Supply Depot  
  89  6:43  Refinery  
  89  6:45  SCV x2  
  91  6:47  Viking  
  91  6:50  Viking, Factory Tech Lab  
  95  7:00  SCV x2  
  96  7:02  Supply Depot  
  96  7:07  SCV  
  96  7:12  Siege Tank, SCV x2  
  101  7:19  Viking  
  101  7:20  Viking  
  106  7:22  SCV  
  106  7:24  SCV  
  106  7:25  SCV  
  106  7:26  Supply Depot  
  107  7:33  Siege Tank  
  107  7:35  SCV  
  107  7:37  SCV x2  
  113  7:39  Refinery  
  113  7:47  SCV  
  113  7:49  SCV, Viking, Siege Tank  
  113  7:50  SCV, Viking  
  123  7:52  Engineering Bay  
  123  7:59  SCV  
  123  8:01  SCV  
  123  8:02  SCV  
  124  8:07  Supply Depot  
  124  8:11  SCV  
  125  8:13  SCV  
  125  8:14  SCV  
  126  8:21  Siege Tank  
  126  8:23  SCV  
  126  8:25  SCV  
  126  8:26  SCV  
  130  8:29  Command Center  
  130  8:30  Armory, Sensor Tower  
  130  8:31  Armory  
  130  8:33  Supply Depot  
  130  8:34  Supply Depot  
  130  8:35  SCV  
  131  8:43  Siege Tank  
  131  8:48  SCV x3, Factory  
  136  8:49  Factory  
  136  8:50  Factory  
  136  8:53  Siege Tank  
  140  9:00  SCV x2  
  140  9:02  Viking x2  
  144  9:15  Siege Tank  
  147  9:22  Missile Turret x2  
  147  9:23  Missile Turret  
  146  9:24  Missile Turret  
  146  9:31  Viking  
  146  9:32  Viking  
  146  9:34  SCV x3  
  153  9:48  Factory Tech Lab  
  153  9:49  Factory Tech Lab  
  139  10:01  SCV  
  139  10:02  SCV x2  
Tags
 
Add a new tag
Caveats
  • Supply blocks, unpowered buildings, or Contaminate may cause inaccurate times.
  • Supply counts are checked every 10 seconds.